 Dungeon Crawl Stone Soup version 0.22.1-5-g62c59d919a (webtiles) character file.

85 Rediskos the Caller (level 4, 0/25 HPs)
             Began as a Deep Elf Summoner on Jan 16, 2019.
             Was a Follower of Ashenzari.
             Slain by Purgy (2 damage)
             ... on level 3 of the Dungeon.
             The game lasted 00:14:48 (3991 turns).

Rediskos the Caller (Deep Elf Summoner)             Turns: 3991, Time: 00:14:49

Health: 0/25       AC:  2    Str:  5    XL:     4   Next: 25%
Magic:  0/11       EV: 13    Int: 21    God:    Ashenzari [*.....]
Gold:   83         SH:  0    Dex: 15    Spells: 0/10 levels left

rFire    . . .     SeeInvis .   e - +0 dagger
rCold    . . .     Gourm    .   (no shield)
rNeg     . . .     Faith    .   a - +0 robe
rPois    .         Spirit   .   (no helmet)
rElec    .         Reflect  .   (no cloak)
rCorr    .         Harm     .   (no gloves)
MR       .....                  (no boots)
Stlth    +++.......             (no amulet)
HPRegen  0.08/turn              d - ring of stealth
MPRegen  0.12/turn              (no ring)

@: no status effects
A: no striking features
a: Curse Item, Scrying, Renounce Religion


You were on level 3 of the Dungeon.
You worshipped Ashenzari.
Ashenzari was aware of your devotion.
You were not hungry.

You visited 1 branch of the dungeon, and saw 3 of its levels.

You collected 83 gold pieces.

Inventory:

Hand Weapons
 e - a +0 dagger (weapon)
Armour
 a - a +0 robe (worn)
Jewellery
 d - a ring of stealth (left hand)
 f - an uncursed ring of see invisible
Scrolls
 g - a scroll of blinking
 h - a scroll of teleportation
 i - a scroll of fog {unknown}
 l - a scroll of amnesia {unknown}
Potions
 b - a potion of lignification
 k - 3 potions of curing
Comestibles
 c - 3 rations


   Skills:
 + Level 1.1 Fighting
 + Level 3.2 Dodging
 - Level 2.4 Stealth
 + Level 3.9 Spellcasting
 + Level 5.2 Summonings
 * Level 0.2 Air Magic


You couldn't memorise any spells.
You knew the following spells:

 Your Spells              Type           Power        Failure   Level  Hunger
a - Call Imp              Summ           ####....     2%          2    #......
b - Summon Small Mammal   Summ           ####         1%          1    None
s - Call Canine Familiar  Summ           ####....     4%          3    ###....
x - Summon Lightning Spi  Summ/Air       ###.....     36%         4    ####...

Your spell library contained the following spells:

 Spells                   Type           Power        Failure   Level  Hunger
 Summon Guardian Golem    Hex/Summ       ###.....     12%         3    ###....
 Summon Ice Beast         Ice/Summ       ###.....     38%         4    ####...


Dungeon Overview and Level Annotations

Branches:
Dungeon (3/15)

Altars:
Ashenzari

Annotations:
D:3 Purgy


Message History

Your crimson imp blinks!
Casting: Call Imp (safe; 2% risk of failure)
Confirm with . or Enter, or press ? or * to list all spells.
A beastly little devil appears in a puff of flame.
Purgy closely misses you. Purgy claws you but does no damage. Purgy claws you.
What are your orders? t - Shout!
Orders for allies: a - Attack new target. r - Retreat! s - Stop attacking. g - Guard the area. f - Follow me.
Anything else - Cancel.
Gang up on whom?
Press: ? - help, Dir - move target cursor, f - Purgy
Aim: Purgy (lightly wounded) Attack!
Purgy bites you! Purgy claws you. x2
Your crimson imp misses Purgy.
Purgy bites you!
* * * LOW HITPOINT WARNING * * *
Purgy claws you.
You die...

#.#8###8##..?##8##
#..............§....
###.h..§..5...........
#########.......................#
...Th.§....##8###8###⌠###8###8#.#
h#########..########### ## #.. T#
##.###....# #.. .# #...#....#
##### #..
.############...@..#####...# #..
..(............T.........#.# #..
##############.5..)#######.# ##..
.## #........# ###.###... ..##
##..#......# ##.#..#.... ...#
#... #.#5.### #...#<..... ...#
##..# #.##.## #.#.....#.. ...#
#..# #.##..# #.......### ..####.#
#.###.# #....##....


You could see Purgy and 2 friendly crimson imps.

Vanquished Creatures
  2 bats
  A giant cockroach (D:3)
  A rat (D:3)
4 creatures vanquished.

Vanquished Creatures (collateral kills)
  A crimson imp (D:2)
  An orc priest (D:3)
  2 adders (D:2)
  A worm (D:3)
  2 dart slugs (D:2)
  A leopard gecko (D:1)
  3 orcs (D:3)
  A ball python (D:1)
  8 bats
  3 giant cockroaches
  4 hobgoblins
  3 jackals (D:2)
  A quokka (D:3)
  2 frilled lizards
  11 goblins
  3 kobolds
  7 rats
54 creatures vanquished.

Grand Total: 58 creatures vanquished

Notes
Turn   | Place    | Note
-------+----------+-------------------------------------------
     0 | D:1      | Rediskos the Deep Elf Summoner began the quest for the Orb.
     0 | D:1      | Reached XP level 1. HP: 10/10 MP: 6/6
   420 | D:1      | Found a shattered altar of Ashenzari.
   486 | D:1      | Became a worshipper of Ashenzari the Shackled
   923 | D:1      | Reached XP level 2. HP: 15/15 MP: 2/8
  1204 | D:1      | Learned a level 2 spell: Call Imp
  2366 | D:2      | Noticed a crimson imp
  2376 | D:2      | Reached XP level 3. HP: 20/20 MP: 9/9
  2376 | D:2      | Reached skill level 5 in Summonings
  2381 | D:2      | Learned a level 3 spell: Call Canine Familiar
  2673 | D:2      | Reached skill level 1 in Fighting
  2986 | D:3      | Reached XP level 4. HP: 22/25 MP: 2/11
  2993 | D:3      | Learned a level 4 spell: Summon Lightning Spire
  3083 | D:3      | Reached * piety under Ashenzari
  3454 | D:3      | Noticed Purgy
  3991 | D:3      | Slain by Purgy

Skill      XL: |  1  2  3 |
---------------+----------+-----
Dodging        | 3 |  3.2
Summonings     | 5 |  5.2
Fighting       | 1 |  1.1
Stealth        | |  2.4
Spellcasting   | |  3.9
Air Magic      | |  0.2

Action                   |  1- 3 |  4- 6 || total
-------------------------+-------+-------++-------
Melee: Unarmed           |     3 |       ||     3
       Dagger            |    13 |    29 ||    42
 Cast: Summon Small Mamm |    48 |       ||    48
       Call Imp          |    19 |    16 ||    35
       Call Canine Famil |     2 |     9 ||    11
       Summon Lightning  |       |     3 ||     3
  Use: Scroll            |     3 |     1 ||     4
  Eat: Chunk             |     7 |     2 ||     9
       Ration            |       |     1 ||     1
Armor: Robe              |    18 |     9 ||    27
Dodge: Dodged            |    65 |    44 ||   109
